 Dungeon Crawl Stone Soup version 0.32-a0-361-g289a535e89 (webtiles) character file.

Game seed: 5980944132914871032

16694 ytrimaz the Cleaver (level 12, -12/90 HPs)
             Began as a Coglin Fighter on Feb 19, 2024.
             Was a Priest of Hepliaklqana.
             Mangled by Frances
             ... wielding a +1 scimitar of protection
              (19 damage)
             ... on level 12 of the Dungeon.
             The game lasted 00:16:48 (14341 turns).

ytrimaz the Cleaver (Coglin Fighter)               Turns: 14341, Time: 00:16:48

Health: -12/90     AC:  8    Str: 19    XL:     12   Next: 40%
Magic:  14/14      EV: 19    Int:  9    God:    Hepliaklqana [***...]
Gold:   220        SH:  0    Dex: 15    Spells: 11/11 levels left

rFire   . . .        r - +6 hand axe (elec) {Chikashi}
rCold   + . .        Q - +7 Spriggan's Knife {stab, EV+4 Stlth+}
rNeg    . . .        S - +2 leather armour of Going Fast {Will+}
rPois   .            (no helmet)
rElec   .            h - +0 cloak
rCorr   .            I - +0 pair of gloves {hurl}
SInv    .            g - +0 pair of boots
Will    +....        L - amulet of magic regeneration
Stlth   ++           t - ring of protection from cold
HPRegen 0.35/turn    (no ring)
MPRegen 0.54/turn

%: no passive effects
@: revved, stiff-legged, very slow
A: reduced essence, off-hand wielding, slow wielding, warmup strikes, warmup
strides
a: Renounce Religion, Recall Ancestor, Ancestor Identity, Transference


You were on level 12 of the Dungeon.
You worshipped Hepliaklqana.
Hepliaklqana was most pleased with you.
You visited 2 branches of the dungeon, and saw 13 of its levels.
You also visited: Bailey.

You collected 1257 gold pieces.
You spent 1037 gold pieces at shops.


Innate Abilities, Weirdness & Mutations

Your life essence is reduced to manifest your ancestor. (-10% HP)
You can wield a second weapon in your off-hand.
It takes a long time for you to wield or remove held weapons.
Your first few attacks do less damage.
Your first movements take longer.


   Skills:
 - Level 11.0 Fighting
 + Level 4.0 Short Blades
 + Level 13.9 Axes
 - Level 2.6 Armour
 + Level 7.0 Dodging
 - Level 2.1 Shields
 - Level 3.4 Invocations


You had 11 spell levels left.
You didn't know any spells.
Your spell library contained the following spells:

 Spells                   Type           Power      Damage    Failure   Level
 Magic Dart               Conj           0%         1d3       43%         1
 Sandblast                Erth           0%         2d4       43%         1
 Summon Small Mammal      Summ           0%         N/A       43%         1
 Blink                    Tloc           0%         N/A       58%         2
 Call Imp                 Summ           0%         N/A       58%         2
 Call Canine Familiar     Summ           0%         N/A       82%         3
 Dazzling Flash           Conj/Hex       0%         N/A       82%         3
 Ozocubu's Armour         Ice            0%         N/A       82%         3
 Passwall                 Erth           0%         N/A       82%         3
 Stone Arrow              Conj/Erth      0%         3d7       82%         3
 Volatile Blastmotes      Fire/Tloc      0%         2d10      82%         3
 Brom's Barrelling Bould  Conj/Erth      0%         2d3       99%         4
 Summon Blazeheart Golem  Fire/Summ      0%         N/A       99%         4
 Metabolic Englaciation   Hex/Ice        0%         N/A       100%        5
 Sculpt Simulacrum        Ice/Alch       0%         N/A       100%        6
 Starburst                Conj/Fire      0%         6d3       100%        6
 Maxwell's Capacitive Co  Air            0%         ∞         100%        8

Inventory:

Hand Weapons
 b - a +1 hand axe of electrocution {Surin}
   (You took it off an orc on level 3 of the Dungeon)
 r - a +6 hand axe of electrocution (weapon) {Chikashi}
   (You found it on level 5 of the Dungeon)
 w - a +4 hand axe
   (You took it off a wight on level 7 of the Dungeon)
 C - a +2 war axe of draining {Tae}
   (You took it off an orc on level 8 of the Dungeon)
 N - a +2 vampiric hand axe {Vicente}
   (You took it off an orc on level 9 of the Dungeon)
 Q - the +7 Spriggan's Knife (worn) {stab, EV+4 Stlth+}
   (You bought it in a shop on level 4 of the Dungeon)

   Stab:      It is more effective when stabbing unaware enemies, sometimes
   treating them as though they were completely helpless.
   EV+4:      It affects your evasion (+4).
   Stlth+:    It makes you more stealthy.
Missiles
 F - 8 atropa-tipped darts
 G - 7 curare-tipped darts
Armour
 c - a +0 buckler
 g - a +0 pair of boots (worn)
   (You found it on level 1 of the Dungeon)
 h - a +0 cloak (worn)
   (You found it on level 1 of the Dungeon)
 x - a +2 chain mail of cold resistance
   (You took it off an orc priest on level 7 of the Dungeon)
 B - +0 steam dragon scales
   (You found it on level 8 of the Dungeon)
 I - a +0 pair of gloves of hurling (worn)
   (You found it in a bailey)
 S - the +2 leather armour of Going Fast (worn) {Will+}
   (You bought it in a shop on level 10 of the Dungeon)

   Will+:     It increases your willpower.
 T - a +0 troll leather armour
   (You found it on level 11 of the Dungeon)
Jewellery
 t - a ring of protection from cold (left grasper)
   (You found it on level 6 of the Dungeon)
 u - a ring of ice
   (You found it on level 7 of the Dungeon)
 L - an amulet of magic regeneration (around neck)
   (You found it on level 9 of the Dungeon)
 O - a +6 ring of strength
   (You found it on level 9 of the Dungeon)
Wands
 q - a wand of polymorph (3)
   (You took it off Dowan on level 5 of the Dungeon)
 v - a wand of flame (13)
   (You found it on level 7 of the Dungeon)
 D - a wand of iceblast (1) (quivered)
   (You found it on level 8 of the Dungeon)
 K - a wand of digging (4)
   (You found it on level 8 of the Dungeon)
Scrolls
 f - 2 scrolls of torment
 j - 3 scrolls of immolation
 s - 2 scrolls of teleportation
 E - 2 scrolls of noise
Potions
 d - a potion of might
 k - a potion of mutation
 l - 2 potions of enlightenment
 n - a potion of curing
 o - a potion of invisibility
 z - 2 potions of attraction {unknown}
 H - 2 potions of lignification {unknown}
 P - a potion of brilliance {unknown}
 R - a potion of degeneration {unknown}

Dungeon Overview and Level Annotations

Branches:
Dungeon (12/15) Zot: 25628  Temple (1/1) D:6 Zot: 5958    Lair (0/5) D:9
    Orc (0/2) D:11         Bailey (visited)

Altars:
Ashenzari
Cheibriados
Dithmenos
Elyvilon
Fedhas
Gozag
Hepliaklqana
Kikubaaqudgha
Makhleb
Nemelex Xobeh
Okawaru
Qazlal
Ru
Sif Muna
Trog
Uskayaw
Vehumet
Wu Jian
Xom
Yredelemnul
Zin
The Shining One

Shops:
D:4 (   D:9 *   D:10 [:(!

Annotations:
D:8 2 transporters, 3 runed translucent doors, Krumphau's ghost, novice MDFi
D:12 Frances

#....###.#...........#..........<
#....#...#.####......#...........
#....#.###.# #......#.......>...
##...#.###.# #......#...........
###'##.....#########.............
..#.#####........# #.#...........
..#.#.....######.# #.#...........
..#.#.##########.###.#...........
..#.#.# .......@R....#..########
<.#.#.# .......@.#####.## ....#.#
.........# #.#
#####.###.....^...# #.#########
###...........### #.........#
#............. ###########.#
#.#........... ........#....
#.#############.#########...#.#
###.# #.#.........#.#.#


You could see the friendly Gobagor the hexer and Frances (fast, ally target).


Message History

The boulder beetle completely misses you. 😨 HP[+1]
You hit the boulder beetle but do no damage.
Lightning courses through the boulder beetle!
You hit the boulder beetle but do no damage.
Unknown command.
You hit the boulder beetle but do no damage. x2
The boulder beetle bites you!
* * * LOW HITPOINT WARNING * * *
😱 HP[-10]
You take 10 damage, and now have 16/90 hp.
You hit the boulder beetle with the +7 Spriggan's Knife.
You hit the boulder beetle but do no damage.
Lightning courses through the boulder beetle!
The boulder beetle misses you.
Unknown command.
You hit the boulder beetle but do no damage. x2
Unknown command.
You hit the boulder beetle with the +7 Spriggan's Knife.
You hit the boulder beetle but do no damage.
The boulder beetle completely misses you. 😱 HP[+1]
You hit the boulder beetle but do no damage. x2
Lightning courses through the boulder beetle!
You kill the boulder beetle!
Your Short Blades skill increases to level 4!
Your Dodging skill increases to level 7!
Unknown command. 😱 HP[+1]
You start resting.
Gobagor emerges from the mists of memory! 😨 HP[+12]
You regained 12 hp, and now have 30/90 hp.
Unknown command.
You start resting. 😎 HP[+60]
Your hp is fully restored (90).
You start waiting.
Done waiting.
You swap places.
You start waiting.
Done waiting.
You start waiting.
Done waiting.
Unknown command.
The helpless Frances fails to defend herself.
You impale Frances with the +7 Spriggan's Knife!!
You hit Frances but do no damage. Lightning courses through Frances!
Frances chants phrases taken from a devil's mouth.
Frances seems to speed up.
Unknown command.
You barely miss Frances with the +7 Spriggan's Knife.
You completely miss Frances with your +6 hand axe of electrocution.
Frances hits you with a +1 scimitar of protection!! 😕 HP[-21]
You take 21 damage, and now have 69/90 hp.
MASSIVE DAMAGE!! (PAUSE)
You hit Frances with the +7 Spriggan's Knife.
You completely miss Frances with your +6 hand axe of electrocution.
Frances screams a word of power!
The shard of ice hits you!! You partially resist.
* * * LOW HITPOINT WARNING * * *
Gobagor hits Frances with a +0 dagger of draining. 😨 HP[-28]
You take 28 damage, and now have 41/90 hp.
MASSIVE DAMAGE!! (PAUSE)
You hit Frances but do no damage.
You barely miss Frances with the +7 Spriggan's Knife.
Frances mutters in a terrible tongue.
The iron shot misses you.
Gobagor barely misses Frances.
You hit Frances with your +6 hand axe of electrocution.
You hit Frances but do no damage.
Frances screams a word of power!
The shard of ice hits you! You partially resist.
* * * LOW HITPOINT WARNING * * *
Gobagor hits Frances but does no damage.
Gobagor hits Frances with a +0 dagger of draining.
Unknown command. 😨 HP[-6]
You take 6 damage, and now have 35/90 hp.
You hit Frances with the +7 Spriggan's Knife.
You hit Frances with your +6 hand axe of electrocution.
Frances hits you with a +1 scimitar of protection!!
* * * LOW HITPOINT WARNING * * *
Gobagor barely misses Frances. 😱 HP[-19]
You take 19 damage, and now have 16/90 hp.
MASSIVE DAMAGE!! (PAUSE)
You hit Frances but do no damage. x2; Lightning courses through Frances!
Frances whispers indecipherable words.
The shard of ice hits you! You partially resist.
* * * LOW HITPOINT WARNING * * *
Gobagor barely misses Frances. 😱 HP[-9]
You take 9 damage, and now have 7/90 hp.
You closely miss Frances with the +7 Spriggan's Knife.
You closely miss Frances with your +6 hand axe of electrocution.
Frances hits you with a +1 scimitar of protection!!
You die...
Hepliaklqana delivers you to your ancestors.

Skill      XL: |  1  2  3  4  5  6  7  8  9 10 11 12 |
---------------+-------------------------------------+-----
Axes           | 3 4 5 6 7 8 10 12 13 | 13.9
Fighting       | 4 6 7 9 11 | 11.0
Dodging        | 3 6 7 |  7.0
Invocations    | 3 |  3.4
Short Blades   | 2 4 |  4.0
Armour         | |  2.6
Shields        | |  2.1

Action                     |  1- 3 |  4- 6 |  7- 9 | 10-12 || total
---------------------------+-------+-------+-------+-------++-------
  Melee: War axe           |    50 |    85 |    34 |    37 ||   206
         Mace              |    46 |    14 |       |       ||    60
         Hand axe          |       |    73 |   202 |   411 ||   686
         Unarmed           |       |       |     3 |       ||     3
         Knife             |       |       |       |   145 ||   145
 Invoke: Ancestor Life: He |       |       |       |     1 ||     1
         Ancestor Identity |       |       |       |     1 ||     1
  Evoke: Wand              |       |       |       |    34 ||    34
    Use: Scroll            |       |     6 |     4 |     4 ||    14
         Potion            |       |       |     2 |    10 ||    12
   Stab: Invisible         |       |       |       |    15 ||    15
         Distracted        |       |       |       |     4 ||     4
         Confused          |       |       |       |     6 ||     6
         Sleeping          |       |       |       |     1 ||     1
 Armour: Scale mail        |    62 |    10 |       |       ||    72
         Plate armour      |       |    85 |   141 |       ||   226
         Skin              |       |       |     1 |       ||     1
         Chain mail        |       |       |    16 |   259 ||   275
         Leather armour    |       |       |       |    80 ||    80
  Dodge: Dodged            |    58 |    33 |    32 |   241 ||   364
  Block: Buckler           |     2 |       |       |       ||     2

Levels and vault maps discovered:
D:1:      wander_arrival_lonely_grave, layout_basic
D:2:      layout_basic
D:3:      layout_basic, bloody_makhleb
D:4:      layout_rooms, serial_shops, nicolae_shop_back_alley_shop, uniq_robin
D:5:      layout_layer_cave, uniq_blork_the_orc, uniq_duvessa
D:6:      layout_basic, minmay_temple_entry_waves, uniq_jeremiah
D:7:      layout_loops_corners, lemuel_doored_altar, mainiacjoe_overflow_paths,
          nrook_pool_corridor
D:8:      gammafunk_cloud_chamber, layout_cave_pools,
          gammafunk_ghost_nasty_kobolds, lightli_bailey_entry_fortress
D:9:      layout_roguey, lemuel_blue_sif_altar, mainiacjoe_overflow_chevrons,
          nemelex_spade_bored_becter, lair_entry_dummy,
          nicolae_transmutations_shop, uniq_gastronok
D:10:     layout_stronghold, serial_undead, serial_undead_e, serial_undead_f,
          serial_undead_c, serial_undead_c, serial_shops,
          nicolae_shop_advertising_works [nicolae_subvault_shop_adworks], shop,
          shop_statue, nicolae_shop_bloodbath_and_beyond,
          chequers_serial_rivers_marsh, serial_bayou_lake_a, uniq_psyche
D:11:     layout_loops_corners, orc_0_dummy, nicolae_looking_at_the_future
D:12:     layout_basic, centaur_isle, uniq_frances
Temple:   lightli_temple_of_artemis

Notes
Turn   | Place    | Note
-------+----------+-------------------------------------------
     0 | D:1      | ytrimaz the Coglin Fighter began the quest for the Orb.
     0 | D:1      | Reached XP level 1. HP: 18/18 MP: 1/1
     0 | D:1      | magus.rc [v1.9.6]
    54 | D:1      | Reached XP level 2. HP: 17/24 MP: 2/2
    56 | D:1      | Reached skill level 3 in Axes
   133 | D:1      | You pick up a book of Callings and begin reading...
   133 | D:1      | You add the spells Summon Small Mammal, Call Canine
                  | Familiar and Summon Blazeheart Golem to your library.
   142 | D:1      | Reached XP level 3. HP: 27/29 MP: 3/3
   367 | D:1      | Reached skill level 4 in Axes
   737 | D:2      | Reached XP level 4. HP: 35/35 MP: 4/4
  1818 | D:3      | Reached skill level 5 in Axes
  1818 | D:3      | Reached XP level 5. HP: 41/41 MP: 5/5
  1876 | D:3      | Found a burning altar of Makhleb.
  2151 | D:3      | Reached XP level 6. HP: 32/48 MP: 6/6
  2570 | D:4      | Noticed Robin
  2578 | D:4      | Reached skill level 4 in Fighting
  2580 | D:4      | Killed Robin
  2615 | D:4      | Reached skill level 6 in Axes
  2616 | D:4      | HP: 8/48 [ogre/+0 giant club (20)]
  2647 | D:4      | Reached XP level 7. HP: 19/55 MP: 7/7
  2867 | D:4      | Reached skill level 5 in Fighting
  3028 | D:4      | You pick up a book of Geomancy and begin reading...
  3028 | D:4      | You add the spells Sandblast, Passwall, Stone Arrow and
                  | Brom's Barrelling Boulder to your library.
  3063 | D:4      | Found Ishad's Weapon Shop.
  3223 | D:5      | Entered Level 5 of the Dungeon
  3260 | D:5      | Noticed Blork the orc
  3262 | D:5      | Noticed Duvessa
  3264 | D:5      | Noticed Dowan
  3266 | D:5      | Reached skill level 7 in Axes
  3267 | D:5      | Killed Blork the orc
  3269 | D:5      | Killed Duvessa
  3270 | D:5      | Reached skill level 6 in Fighting
  3270 | D:5      | Reached XP level 8. HP: 34/64 MP: 8/8
  3276 | D:5      | Killed Dowan
  3419 | D:5      | HP: 16/64 [ogre/+0 giant club (5)]
  3984 | D:5      | Reached skill level 8 in Axes
  3993 | D:5      | Reached skill level 7 in Fighting
  4902 | D:6      | Found a staircase to the Ecumenical Temple.
  4905 | D:6      | Reached XP level 9. HP: 73/73 MP: 9/9
  4915 | Temple   | Entered the Ecumenical Temple
  4935 | Temple   | Became a worshipper of Hepliaklqana the Forgotten
  5046 | D:6      | Reached skill level 8 in Fighting
  5046 | D:6      | Reached skill level 9 in Axes
  5182 | D:6      | Noticed Jeremiah
  5199 | D:6      | Killed Jeremiah
  5766 | D:7      | Reached skill level 9 in Fighting
  5768 | D:7      | Reached skill level 10 in Axes
  5925 | D:7      | Found a bloodstained altar of Trog.
  6034 | D:7      | Reached * piety under Hepliaklqana
  6172 | D:7      | Found a stormy altar of Qazlal.
  6178 | D:7      | Reached XP level 10. HP: 75/75 MP: 10/10
  6478 | D:7      | Reached skill level 10 in Fighting
  6852 | D:8      | Reached skill level 11 in Axes
  7065 | D:8      | Found a flagged portal.
  7084 | Bailey   | Entered a bailey
  7379 | Bailey   | Found an iron altar of Okawaru.
  7389 | Bailey   | You pick up a book of Winter and begin reading...
  7389 | Bailey   | You add the spells Ozocubu's Armour, Metabolic Englaciation
                  | and Sculpt Simulacrum to your library.
  7530 | D:8      | Found a transporter.
  7553 | D:8      | Found a runed translucent gate.
  7554 | D:8      | Found a runed translucent gate.
  7555 | D:8      | Found a runed translucent gate.
  7555 | D:8      | Noticed Krumphau's ghost (novice MDFi)
  7573 | D:8      | You pick up a book of Spectacle and begin reading...
  7573 | D:8      | You add the spells Volatile Blastmotes, Dazzling Flash,
                  | Starburst and Maxwell's Capacitive Coupling to your
                  | library.
  7682 | D:8      | Reached skill level 11 in Fighting
  7713 | D:8      | Found a transporter.
  7813 | D:9      | Reached ** piety under Hepliaklqana
  7820 | D:9      | Remembered your ancestor Gobagor as a hexer
  7889 | D:9      | Reached skill level 1 in Dodging
  7985 | D:9      | Found a sparkling altar of Nemelex Xobeh.
  8028 | D:9      | Noticed Gastronok
  8037 | D:9      | Killed Gastronok
  8038 | D:9      | Reached skill level 12 in Axes
  8038 | D:9      | Reached skill level 3 in Dodging
  8038 | D:9      | Reached XP level 11. HP: 83/83 MP: 11/11
  8101 | D:9      | Found a shadowy altar of Dithmenos.
  8291 | D:9      | Found a shimmering blue altar of Sif Muna.
  8313 | D:9      | Found Cuanedan's Changing Room.
  8341 | D:9      | Found a staircase to the Lair.
  8760 | D:10     | Entered Level 10 of the Dungeon
  8779 | D:10     | Found Gohaufil's Weapon Emporium.
  8817 | D:10     | Reached skill level 4 in Dodging
  8866 | D:10     | HP: 20/83 [electric eel/bolt of electricity (11)]
  9102 | D:10     | Reached skill level 1 in Invocations
  9113 | D:10     | HP: 20/83 [something (10)]
  9114 | D:10     | HP: 1/83 [something (19)]
  9294 | D:10     | Reached skill level 2 in Invocations
  9357 | D:10     | Found Typt's Distillery.
  9391 | D:10     | Found Hyqaj's Book Emporium.
  9529 | D:4      | Bought the +7 Spriggan's Knife {stab, EV+4 Stlth+} for 890
                  | gold pieces
  9529 | D:4      | Found the +7 Spriggan's Knife {stab, EV+4 Stlth+}
  9752 | D:10     | HP: 20/83 [something (8)]
  9977 | D:10     | Noticed Psyche
  9987 | D:10     | Killed Psyche
  9988 | D:10     | Reached skill level 5 in Dodging
 10183 | D:10     | HP: 20/83 [electric eel/bolt of electricity (6)]
 10754 | D:10     | Reached skill level 13 in Axes
 10863 | D:10     | Reached skill level 3 in Invocations
 11066 | D:10     | Found Hinat's Antique Armour Shop.
 11074 | D:10     | Bought a faintly glowing leather armour for 147 gold pieces
 11074 | D:10     | Identified the +2 leather armour of Going Fast {Will+} (You
                  | bought it in a shop on level 10 of the Dungeon)
 11234 | D:11     | Reached *** piety under Hepliaklqana
 11477 | D:11     | Noticed a two-headed ogre
 11491 | D:11     | Reached skill level 1 in Short Blades
 11496 | D:11     | Killed a two-headed ogre
 11497 | D:11     | Reached skill level 6 in Dodging
 11629 | D:11     | Noticed a manticore
 11639 | D:11     | Killed a manticore
 11640 | D:11     | Reached skill level 2 in Short Blades
 11640 | D:11     | Reached XP level 12. HP: 53/90 MP: 14/14
 11780 | D:11     | You pick up a book of Minor Magic and begin reading...
 11780 | D:11     | You add the spells Magic Dart, Blink and Call Imp to your
                  | library.
 11828 | D:11     | Noticed a boulder beetle
 11832 | D:11     | HP: 22/90 [boulder beetle (23)]
 11851 | D:11     | Killed a boulder beetle
 12144 | D:11     | Found a staircase to the Orcish Mines.
 12181 | D:11     | Reached skill level 3 in Short Blades
 12986 | D:12     | Noticed a boulder beetle
 12986 | D:12     | Noticed a centaur warrior
 13055 | D:12     | Noticed Frances
 13668 | D:12     | HP: 20/90 [centaur warrior/arrow (6)]
 13805 | D:12     | HP: 16/90 [boulder beetle (10)]
 13809 | D:12     | Killed a boulder beetle
 13810 | D:12     | Reached skill level 4 in Short Blades
 13810 | D:12     | Reached skill level 7 in Dodging
 14339 | D:12     | HP: 16/90 [Frances/+1 scimitar of protection (19)]
 14340 | D:12     | HP: 7/90 [Frances/shard of ice (9)]
 14341 | D:12     | Mangled by Frances

Vanquished Creatures
  Gastronok (D:9)
  2 boulder beetles
  A two-headed ogre (D:11)
  A manticore (D:11)
  2 centaur zombies (D:10)
  Jeremiah (D:6)
  An unseen horror zombie (D:10)
  2 komodo dragons
  Psyche (D:10)
  3 trolls
  A queen bee (D:11)
  A hornet (D:9)
  A shadow (D:10)
  4 vampires (D:10)
  2 wyverns
  10 yaks
  3 steam dragons
  Duvessa (D:5)
  6 orc warriors
  An ice beast (D:6)
  2 sky beasts (D:7)
  3 black bears
  2 ogres
  11 centaurs
  3 phantoms
  10 kobold brigands
  Blork the orc (D:5)
  5 bullfrogs
  A gnoll sergeant (D:7)
  4 scorpions
  Dowan (D:5)
  5 wights (D:7)
  8 killer bees (D:11)
  4 electric eels (D:10)
  8 howler monkeys
  A bombardier beetle (D:4)
  6 hounds
  A jelly (D:6)
  9 orc priests
  2 gnoll boudas
  6 iguanas
  7 orc wizards
  A sleepcap (D:6)
  Robin (D:4)
  18 gnolls
  3 adders
  A shadow imp (D:5)
  A white imp (D:5)
  4 ufetubi (D:6)
  3 dart slugs (D:4)
  3 ribbon worms
  48 orcs
  7 ball pythons
  8 endoplasms
  2 giant cockroaches (D:1)
  19 goblins
  8 hobgoblins
  5 jackals
  6 quokkas
  7 bats
  5 frilled lizards
  20 kobolds
  9 rats
324 creatures vanquished.

Vanquished Creatures (collateral kills)
  3 yaks (D:10)
  2 wraiths
  2 orc warriors
  A centaur (D:10)
  An electric eel (D:10)
  2 howler monkeys
  4 orc wizards
  2 gnolls (D:8)
  4 orcs
  2 kobolds
23 creatures vanquished.

Vanquished Creatures (others)
  An ancestor (Bailey)
  10 hexers
  2 orcs
  4 kobolds
17 creatures vanquished.

Grand Total: 364 creatures vanquished

Table legend:
 A = Non-vault XP
 B = Vault XP
 C = Vault XP percentage of total XP
 D = Non-vault monster count
 E = Vault monster count
 F = Vault count percentage of total count
                 A         B        C        D         E       F
            +---------+---------+-------+---------+---------+-------
      Total |   16163 |    7686 |  32.2 |     280 |      73 |  20.7
            +---------+---------+-------+---------+---------+-------
        D:1 |      76 |       0 |   0.0 |      30 |       0 |   0.0
        D:2 |      40 |       0 |   0.0 |      15 |       0 |   0.0
        D:3 |     229 |       0 |   0.0 |      30 |       0 |   0.0
        D:4 |     525 |      49 |   8.5 |      25 |      12 |  32.4
        D:5 |     837 |     313 |  27.2 |      20 |       3 |  13.0
        D:6 |    1145 |     425 |  27.1 |      24 |       1 |   4.0
        D:7 |    1732 |       0 |   0.0 |      27 |       0 |   0.0
        D:8 |     913 |     102 |  10.0 |      22 |      12 |  35.3
        D:9 |    1134 |    1467 |  56.4 |      28 |       1 |   3.4
       D:10 |    3367 |    2679 |  44.3 |      27 |       9 |  25.0
       D:11 |    4212 |     805 |  16.0 |      26 |       9 |  25.7
       D:12 |    1953 |     458 |  19.0 |       6 |       4 |  40.0
     Bailey |       0 |    1388 | 100.0 |       0 |      22 | 100.0
            +---------+---------+-------+---------+---------+-------

Skill      XL: |  1  2  3  4  5  6  7  8  9 10 11 12 |
---------------+-------------------------------------+-----
Axes           | 3 4 5 6 7 8 10 12 13 | 13.9
Fighting       | 4 6 7 9 11 | 11.0
Dodging        | 3 6 7 |  7.0
Invocations    | 3 |  3.4
Short Blades   | 2 4 |  4.0
Armour         | |  2.6
Shields        | |  2.1

Action                     |  1- 3 |  4- 6 |  7- 9 | 10-12 || total
---------------------------+-------+-------+-------+-------++-------
  Melee: War axe           |    50 |    85 |    34 |    37 ||   206
         Mace              |    46 |    14 |       |       ||    60
         Hand axe          |       |    73 |   202 |   411 ||   686
         Unarmed           |       |       |     3 |       ||     3
         Knife             |       |       |       |   145 ||   145
 Invoke: Ancestor Life: He |       |       |       |     1 ||     1
         Ancestor Identity |       |       |       |     1 ||     1
  Evoke: Wand              |       |       |       |    34 ||    34
    Use: Scroll            |       |     6 |     4 |     4 ||    14
         Potion            |       |       |     2 |    10 ||    12
   Stab: Invisible         |       |       |       |    15 ||    15
         Distracted        |       |       |       |     4 ||     4
         Confused          |       |       |       |     6 ||     6
         Sleeping          |       |       |       |     1 ||     1
 Armour: Scale mail        |    62 |    10 |       |       ||    72
         Plate armour      |       |    85 |   141 |       ||   226
         Skin              |       |       |     1 |       ||     1
         Chain mail        |       |       |    16 |   259 ||   275
         Leather armour    |       |       |       |    80 ||    80
  Dodge: Dodged            |    58 |    33 |    32 |   241 ||   364
  Block: Buckler           |     2 |       |       |       ||     2

Illustrated notes

Table legend:
 A = Kills in this place as a percentage of kills in the entire game.
 B = Kills by you in this place as a percentage of kills by you in the entire game.
 C = Kills by friends in this place as a percentage of kills by friends in the entire game.
 D = Other kills in this place as a percentage of other kills in the entire game.
 E = Experience gained in this place as a percentage of experience gained in the entire game.
 F = Experience gained in this place divided by the number of levels of this place that you have seen.
                   A       B       C       D       E      F
               +-------+-------+-------+-------+-------+----------------------
         Total | 100.0 | 100.0 | 100.0 | 100.0 | 100.0 | 1703.5
       Dungeon |  93.8 |  94.7 |  91.3 |  57.1 |  94.2 | 1871.8
        Bailey |   6.2 |   5.3 |   8.7 |  42.9 |   5.8 | 1388.0
               +-------+-------+-------+-------+-------+----------------------

Table legend: (Time is in decaauts)
 A = Elapsed time spent in this place.
 B = Non-inter-level travel time spent in this place.
 C = Inter-level travel time spent in this place.
 D = Time resting spent in this place.
 E = Time spent auto-exploring this place.
 F = Levels seen in this place.
 G = Mean time per level.
                   A        B        C        D        E       F      G
               +--------+--------+--------+--------+--------+-----+--------+
         Total |  14832 |  14179 |    653 |   1729 |  10133 |  14 | 1059.4 |
       Dungeon |  14440 |  13807 |    633 |   1584 |  10069 |  12 | 1203.3 |
        Temple |     41 |     21 |     20 |      0 |      0 |   1 |   41.0 |
        Bailey |    351 |    351 |      0 |    145 |     64 |   1 |  351.0 |
               +--------+--------+--------+--------+--------+-----+--------+

Top non-repeatable levels by time:
    D:10: 2252 daAuts
    D:11: 1805 daAuts
     D:5: 1410 daAuts
    D:12: 1329 daAuts
     D:7: 1256 daAuts
     D:6: 1162 daAuts
     D:3: 1108 daAuts
     D:9: 1011 daAuts
     D:2: 853 daAuts
     D:4: 771 daAuts
     D:1: 754 daAuts
     D:8: 723 daAuts
  Bailey: 351 daAuts
  Temple: 41 daAuts
